[Event "*** SCC Grand Prix: Titled Tuesday Blitz"]
[Site "Chess.com"]
[Date "2020.09.29"]
[Round "3"]
[White "picturesquecheck"]
[Black "Nara_Kh"]
[Result "0-1"]
[WhiteElo "2193"]
[BlackElo "2397"]
[TimeControl "180+1"]
[EndTime "10:28:45 PDT"]
[Termination "Nara_Kh won by resignation"]

1. e4 c5 2. Nf3 d6 3. d4 Nf6 4. Nc3 cxd4 5. Nxd4 a6 6. Be3 e5 7. Nb3 Be6 8. f3 h5 9. Qd2 Nbd7 10. O-O-O Rc8 11.
Nd5 Bxd5 12. exd5 Nb6 13. Bxb6 Qxb6 14. Kb1 g6 15. c4 Bh6 16. Qa5 Be3 17. Bd3 e4 18. fxe4 Ng4 19. Rhe1 O-O 20. Qxb6 Bxb6 21. h3 Ne5 22. Be2 Nxc4 23. Bxc4 Rxc4 24. e5 dxe5 25. Rxe5 Rd8 26. Re2 a5 27. d6 a4 28. Nc1 Bd4 29. Red2 Bf6 30. d7 Kg7 31. Re2 Rc7 32. Red2 b5 33.
Rd5 b4 34. Ne2 a3 35. b3 Kf8 36. Nd4 Ke7 37. Re1+ Kf8 38. Rd1 Kg7 39. Nb5 Rb7 40. Nd6 Rbxd7 41. Nf5+ gxf5 42. Rxd7 Re8 43. R7d5 Re2 44. g4 Rb2+ 45. Kc1 fxg4 46. hxg4 Rxa2 47.
g5 Bb2+ 48. Kb1 Ra1+ 49. Kc2 Rxd1 50. Rxd1 Kg6 51. Rg1 h4 52. Rh1 Kxg5 53. Rf1 f5 54.
Rg1+ Kf4 55. Rf1+ Kg4 56. Rg1+ Kh3 57. Rf1 Kg4 58. Rg1+ Kf3 59. Rf1+ Kg2 60. Rxf5 h3 61. Rg5+ Kf3 62. Rh5 Kg4 63. Rb5 h2 64. Rxb4+ Kg3 65. Rb8 h1=Q 66. Rg8+ Kf4 67. Rf8+ Ke5 0-1

[Event "*** SCC Grand Prix: Titled Tuesday Blitz"]
[Site "Chess.com"]
[Date "2020.09.29"]
[Round "3"]
[White "Savagelittlemole"]
[Black "Sjakkerntobi"]
[Result "0-1"]
[WhiteElo "2600"]
[BlackElo "2415"]
[TimeControl "180+1"]
[EndTime "10:28:46 PDT"]
[Termination "Sjakkerntobi won by resignation"]

1. e4 e6 2. d4 d5 3. Nd2 a6 4.
Bd3 Nf6 5. e5 Nfd7 6. Ne2 c5 7.
c3 Nc6 8. Nf3 cxd4 9. cxd4 Nb4 10. Bb1 f6 11. exf6 Nxf6 12. O-O Bd6 13. Ne5 Nc6 14.
Nxc6 bxc6 15. Bf4 O-O 16. Bxd6 Qxd6 17. Ng3 Rb8 18. b3 e5 19. dxe5 Qxe5 20. Bd3 a5 21.
Qc2 Qd6 22. Rac1 Bd7 23. Qc5 Qxc5 24. Rxc5 Ra8 25. h3 a4 26. b4 a3 27. Rb1 Rfb8 28.
Rb3 Ra4 29. Bf5 Be8 30. Rcc3 d4 31. Be6+ Bf7 32. Bxf7+ Kxf7 33. Rc4 Nd5 34. Rxd4 Rbxb4 35. Rbxb4 Rxb4 36. Rd3 Ra4 37. Ne2 Nb4 38. Rd2 c5 39. Nc3 Ra7 40. Ne4 Rc7 41. Nd6+ Ke6 42. Nc4 Rd7 43.
Rxd7 Kxd7 44. Nxa3 Nxa2 45. Kf1 Ke6 46. Ke2 Ke5 47. Ke3 Nb4 48. Nc4+ Kd5 49. Nb6+ Kc6 50. Nc4 Nd5+ 51. Ke4 Nb6 52. Ne5+ Kd6 53. Nf7+ Ke7 54. Ng5 h6 55. Nf3 Ke6 56. g4 Nd5 57. g5 hxg5 58.
Nxg5+ Kd6 59. Nf7+ Ke6 60. Nd8+ Kd6 61. Nb7+ Kc6 62.
Na5+ Kd6 63. Nc4+ Ke6 64. f4 Nf6+ 65. Kf3 Kd5 66. Ne3+ Kd4 67. Nf5+ Kd3 68. Nxg7 c4 69. Ne6 c3 70. Nc5+ Kc4 71. Na4 c2 72. Nb2+ Kc3 73.
Na4+ Kb4 74. Nb2 Kc3 75. Na4+ Kb3 76. Nc5+ Kc4 77. Na4 c1=Q 78. Nb2+ Qxb2 0-1

[Event "*** SCC Grand Prix: Titled Tuesday Blitz"]
[Site "Chess.com"]
[Date "2020.09.29"]
[Round "3"]
[White "Srisshhhtea"]
[Black "vaishali2001"]
[Result "0-1"]
[WhiteElo "2279"]
[BlackElo "2503"]
[TimeControl "180+1"]
[EndTime "10:28:47 PDT"]
[Termination "vaishali2001 won by resignation"]

1. d4 Nf6 2. c4 c5 3. d5 b5 4. Nf3 g6 5. Nbd2 bxc4 6. Nxc4 d6 7.
Bd2 Bg7 8. Ba5 Qd7 9. Bc3 O-O 10.
g3 Ba6 11. Ne3 Qb7 12. Bg2 Nbd7 13. O-O Rab8 14. Nd2 Nb6 15. Nb3 Na4 16. Rb1 Nxc3 17. bxc3 Qb5 18. c4 Qa4 19. Qc2 Rb4 20. Na1 Qxc2 21.
Naxc2 Ra4 22. a3 Bxc4 23. Nxc4 Rxc4 24. Ne3 Ra4 25. Rb7 Re8 26. Nc2 h5 27. Rfb1 Ng4 28. Rb8 Rxb8 29. Rxb8+ Kh7 30. e3 Ne5 31. Rb7 Bf6 32. Bf1 Nf3+ 33. Kg2 Nd2 34. Bb5 Ra5 35. a4 Ne4 36. Na3 a6 37. Nc4 axb5 38. Nxa5 bxa4 39. Ra7 Nc3 40. Nc4 Nxd5 41. Rxa4 Kg7 42.
Ra2 Nc3 43. Rd2 Nb5 44. Nb6 Nc7 45. Nd5 Nxd5 46. Rxd5 Kf8 47. Kf1 Ke8 48. Ke2 Kd7 49. Rd1 Kc6 50. Kd3 d5 51. e4 c4+ 52. Ke3 d4+ 53. Kf4 e5+ 54. Kf3 Kc5 55. Ke2 d3+ 56. Ke3 Bd8 57. f4 Bb6 58. Rb1 Ba7 59. fxe5 Kc6+ 60.
Kd2 Bd4 61. Rf1 Bxe5 62. Rxf7 Kc5 63. Re7 Kd4 64. Rd7+ Kxe4 65. Rd5 c3+ 66. Kd1 Kxd5 0-1

[Event "*** SCC Grand Prix: Titled Tuesday Blitz"]
[Site "Chess.com"]
[Date "2020.09.29"]
[Round "3"]
[White "sergiochess83"]
[Black "m_ezat"]
[Result "1-0"]
[WhiteElo "2808"]
[BlackElo "2618"]
[TimeControl "180+1"]
[EndTime "10:28:49 PDT"]
[Termination "sergiochess83 won on time"]

1. c4 Nf6 2. Nf3 g6 3. Nc3 Bg7 4. e4 O-O 5. d4 d6 6. Be2 e5 7. Be3 exd4 8. Nxd4 Re8 9. f3 c6 10.
Bf2 d5 11. exd5 cxd5 12. c5 Nc6 13. O-O Re5 14. Qd2 Qf8 15. Nxc6 bxc6 16. Bd4 Bh6 17. Qd1 Be3+ 18. Bxe3 Rxe3 19. Qd4 Qe7 20. b4 Nd7 21. Kf2 Re6 22. Rfe1 a5 23. a3 h5 24. g3 Rb8 25. Rab1 Nf8 26. b5 Bd7 27. Bd3 h4 28. gxh4 Rxe1 29. Rxe1 Ne6 30. bxc6 Bxc6 31. Nxd5 Bxd5 32.
Qxd5 Rd8 33. Qc4 Qf6 34. Bf1 Rd4 35. Qc3 Qxh4+ 36. Kg1 Nf4 37. c6 Qg5+ 38. Kh1 Rd8 39. c7 Rc8 40. Rc1 Qh5 41. Qe3 Qf5 42. Ba6 Rxc7 43. Rxc7 Qb1+ 44. Qg1 Qf5 45. Qf1 Ne6 46. Rc4 Kg7 47. Re4 Ng5 48. Re3 Qf4 49. Rc3 Ne4 50.
fxe4 Qxe4+ 51. Rf3 g5 52. Bd3 Qd5 53. h3 f5 54. Bxf5 1-0

[Event "*** SCC Grand Prix: Titled Tuesday Blitz"]
[Site "Chess.com"]
[Date "2020.09.29"]
[Round "3"]
[White "Bulldog167"]
[Black "KyronGriffith"]
[Result "1-0"]
[WhiteElo "2801"]
[BlackElo "2513"]
[TimeControl "180+1"]
[EndTime "10:28:49 PDT"]
[Termination "Bulldog167 won on time"]

1. d4 Nf6 2. c4 e5 3. dxe5 Ng4 4. Bf4 Bb4+ 5. Nc3 Bxc3+ 6. bxc3 Nc6 7. Nf3 Qe7 8. Qd5 f6 9. exf6 Nxf6 10. Qd3 d6 11. e3 Ne5 12. Nxe5 dxe5 13. Bg3 Bd7 14. Be2 O-O-O 15. Qc2 Qc5 16. O-O h5 17. h3 h4 18.
Bh2 e4 19. Rfd1 Rh6 20. Rd4 Rg6 21. Rad1 Qg5 22. Bf1 Re8 23. Bf4 Qc5 24. Kh1 b6 25. Qb1 Re7 26. Qb4 Be6 27. Qxc5 bxc5 28. Rd8+ Kb7 29. Rb1+ Kc6 30. Be2 Rd7 31. Rxd7 Nxd7 32. Bd1 Nb6 33. Bh5 Rf6 34. Be8+ Nd7 35. Kg1 Rf8 36.
Bg6 Nf6 37. Bg5 Bxc4 38. Bxf6 Rxf6 39. Bxe4+ Kd7 40. Rd1+ Ke7 41. a3 Ra6 42. Bd5 Bxd5 43. Rxd5 Rxa3 44. Rxc5 Kd6 45. Rc4 g5 46. g4 a5 47. Kg2 Ra1 48. Kf3 a4 49. Ke4 a3 50.
Ra4 a2 51. Kf5 Rh1 52. Rxa2 Rxh3 53. Kxg5 Rh2 54. Ra6+ Kd5 55. Rh6 h3 56. f4 Rh1 57.
f5 c5 58. f6 Ke6 59. Kg6 Rf1 60. g5 Rf3 61. Kg7 Rf5 62. f7+ Ke7 63. g6 1-0

[Event "*** SCC Grand Prix: Titled Tuesday Blitz"]
[Site "Chess.com"]
[Date "2020.09.29"]
[Round "3"]
[White "CaspiIsrael"]
[Black "Alindsay211"]
[Result "0-1"]
[WhiteElo "2585"]
[BlackElo "2400"]
[TimeControl "180+1"]
[EndTime "10:28:53 PDT"]
[Termination "Alindsay211 won on time"]

1. e4 c5 2. Nf3 Nc6 3. d4 cxd4 4.
Nxd4 e5 5. Nb5 a6 6. Nd6+ Bxd6 7. Qxd6 Qe7 8. Qd1 Nf6 9. Nc3 d6 10. Bg5 Be6 11. Nd5 Bxd5 12. exd5 Nb8 13. Be2 O-O 14. O-O h6 15. Be3 Nbd7 16. c4 e4 17. Bd4 Ne5 18. Rc1 Rac8 19. Re1 Nfd7 20. b3 f5 21. f4 exf3 22. Bxf3 Qg5 23. Kh1 Rfe8 24.
Bh5 Rf8 25. Be2 Rce8 26. Rc3 Nf6 27. Rg3 Neg4 28. Bxg4 Nxg4 29. Rf1 Qh4 30. Rh3 Qg5 31. Qf3 Qd2 32. Qc3 Re2 33. Rg3 Qxc3 34. Bxc3 Rxa2 35.
h3 Ne5 36. c5 f4 37. Bxe5 fxg3 38. Rxf8+ Kxf8 39. Bxd6+ Kf7 40. Bxg3 Rd2 41. c6 bxc6 42.
dxc6 Rc2 43. c7 Ke6 44. b4 Kd7 45. Be5 g6 46. Kh2 Rc4 47. Kg3 Rxb4 48. Kf3 a5 49. g4 a4 50. Bg7 h5 51. Be5 hxg4+ 52. hxg4 a3 53. Kg3 a2 54. Kh4 Re4 55. Bg7 Re7 56.
Ba1 Kxc7 57. Kg5 Re6 58. Kh6 Kc6 59. g5 Kd5 60. Bb2 Ke4 61. Kg7 Kf5 62. Kh6 Re2 63. Ba1 Re1 64. Kg7 Rxa1 0-1

[Event "*** SCC Grand Prix: Titled Tuesday Blitz"]
[Site "Chess.com"]
[Date "2020.09.29"]
[Round "3"]
[White "OlaaLa"]
[Black "WiktoriaPOL"]
[Result "1-0"]
[WhiteElo "2324"]
[BlackElo "2050"]
[TimeControl "180+1"]
[EndTime "10:28:55 PDT"]
[Termination "OlaaLa won on time"]

1. e4 c5 2. Nf3 g6 3. d3 d5 4.
Nbd2 dxe4 5. dxe4 Nc6 6. Be2 Bg7 7. O-O Nf6 8. c3 O-O 9. Qc2 Qc7 10. Nb3 b6 11.
Bg5 h6 12. Bh4 Bb7 13. Bg3 Qc8 14. Rad1 Nh5 15. Rd2 Nxg3 16. hxg3 Qc7 17. Rfd1 Rfd8 18. Bc4 Rxd2 19. Nbxd2 Rd8 20. Nf1 a6 21. Ne3 e6 22.
a4 Na5 23. Bd3 c4 24. Be2 b5 25. axb5 axb5 26. Nd4 Bxd4 27. cxd4 Nb3 28. d5 exd5 29. exd5 Qe5 30. Ng4 Qg7 31. Qe4 f5 32. Qe6+ Kh8 33. Ne5 Kh7 34. Nxg6 Bc8 35. Qe7 Qxe7 36. Nxe7 Re8 37.
d6 Bd7 38. Bh5 Ra8 39. Bg6+ Kg7 40. Bxf5 Bxf5 41. Nxf5+ Kf6 42. d7 Rd8 43. Nxh6 Nc5 44. Ng4+ Ke6 45. Re1+ Kxd7 46. Nf6+ Kc7 47. Re7+ Kc6 48.
Re2 Rd1+ 49. Kh2 Nd3 50. g4 b4 51. g5 Nf4 52. Rc2 Kb5 53. Ne4 b3 54. Rc3 Rd4 55. f3 Rd3 56. Kg3 Rxc3 57. Nxc3+ Kb4 58. Kxf4 Kc5 59. g6 Kd4 60. g7 Kd3 61. g8=Q Kc2 62.
Na4 c3 63. bxc3 b2 64. Qa2 1-0

[Event "*** SCC Grand Prix: Titled Tuesday Blitz"]
[Site "Chess.com"]
[Date "2020.09.29"]
[Round "3"]
[White "crazy_but_lazy"]
[Black "zmeeed67"]
[Result "0-1"]
[WhiteElo "2532"]
[BlackElo "2376"]
[TimeControl "180+1"]
[EndTime "10:29:00 PDT"]
[Termination "zmeeed67 won by resignation"]

1. e4 Nc6 2. Nf3 d6 3. Nc3 Nf6 4. d4 Bg4 5. Be2 e5 6. d5 Ne7 7. h3 Bd7 8. Be3 Ng6 9. Qd2 Be7 10. g4 a6 11. a4 O-O 12. O-O-O b5 13. Rdg1 b4 14. Nb1 Nxe4 15. Qd3 Nf6 16. Nbd2 Bxa4 17.
h4 Bb5 18. Nc4 e4 19. Qd4 exf3 20. Bxf3 Bxc4 21. Qxc4 Ne5 22. Qe2 Nxf3 23. Qxf3 b3 24. g5 Nd7 25. Bd4 Ne5 26. Qc3 bxc2 27. f4 f6 28. h5 fxg5 29. fxe5 dxe5 30. Bxe5 Bf6 31. h6 g6 32. Rf1 Bxe5 33. Qxe5 Rxf1+ 34. Rxf1 Qd7 35. Qxg5 Re8 36. Qf6 Qe7 37. Qxa6 Qe3+ 38. Kxc2 Qxh6 39. Qc4 Qh2+ 40. Kb1 Qd6 41. Qd4 Re5 42. Qf4 Rf5 43. Qc1 Qxd5 44. Rxf5 Qxf5+ 45. Ka2 c5 46. Ka3 Kg7 47.
Qc3+ Kh6 48. Qe3+ Kg7 49. Qe7+ Kg8 50. Qe8+ Qf8 51. Qe6+ Kg7 52. Qe5+ Kg8 53. Qe6+ Qf7 54. Qc8+ Kg7 55. Qxc5 Qf8 56. b4 Qxc5 57. bxc5 Kf7 58. Kb4 Ke8 59. Kb5 Kd8 60. Kc6 Kc8 61. Kd6 g5 62.
Ke5 h5 63. Kf5 g4 64. Kf4 Kc7 65. Kg3 Kc6 66. Kh4 Kxc5 67. Kg3 Kd4 68. Kh4 Ke3 69. Kg3 Ke4 70. Kh4 Kf3 71. Kxh5 g3 72. Kh6 g2 73. Kg5 g1=Q+ 74. Kf5 0-1

[Event "*** SCC Grand Prix: Titled Tuesday Blitz"]
[Site "Chess.com"]
[Date "2020.09.29"]
[Round "3"]
[White "Kaslask"]
[Black "GameOverBro"]
[Result "0-1"]
[WhiteElo "2353"]
[BlackElo "2535"]
[TimeControl "180+1"]
[EndTime "10:29:01 PDT"]
[Termination "GameOverBro won on time"]

1. d4 d6 2. Nf3 Nf6 3. c4 Nbd7 4.
Nc3 e5 5. e4 Be7 6. Be2 c6 7. O-O a5 8. Re1 O-O 9. Rb1 a4 10. c5 exd4 11. cxd6 dxc3 12. dxe7 Qxe7 13. bxc3 Qxe4 14. Bd3 Qd5 15. Qc2 Nc5 16. Bf1 Bf5 17.
Qb2 Bxb1 18. Qxb1 Rfe8 19. Be3 Nfe4 20. Qb4 b5 21. c4 bxc4 22. Bxc4 Qh5 23. Ng5 Nxg5 24.
Qxc5 Qg6 25. Rd1 Nf3+ 26. Kh1 Ne5 27. Be2 Rad8 28. Rxd8 Rxd8 29. h3 Nd3 30. Qa5 Qd6 31. Qxa4 h6 32. Qc4 Ne5 33. Qe4 Qe6 34. a4 Ng6 35. Qxe6 fxe6 36. a5 Ne7 37. a6 Nd5 38.
Bc5 Nc7 39. Bb6 Rd2 40. Bf3 Nxa6 41. Bxc6 Nb4 42. Bb7 Kf7 43. Kh2 Rb2 44. Be3 Nc2 45.
Bf3 Nxe3 46. fxe3 Kf6 47. Kg3 g6 48. h4 e5 49. Bd5 Rc2 50. Kf3 Rc3 51. Kf2 Rc2+ 52.
Kf3 Rc3 53. Kf2 Kf5 54. Kf3 Ra3 55. Be4+ Kf6 56. g4 Ra1 57. h5 gxh5 58. gxh5 Kg5 59. Bg6 Ra4 60. Bf7 Rh4 61. Be8 Kf5 62. Bg6+ Kg5 63. Bf7 e4+ 64. Kg3 Rg4+ 65. Kh3 Rg1 0-1

[Event "*** SCC Grand Prix: Titled Tuesday Blitz"]
[Site "Chess.com"]
[Date "2020.09.29"]
[Round "3"]
[White "ExcitingTrap"]
[Black "ajkom197"]
[Result "0-1"]
[WhiteElo "2284"]
[BlackElo "2452"]
[TimeControl "180+1"]
[EndTime "10:29:01 PDT"]
[Termination "ajkom197 won by resignation"]

1. e4 c6 2. d4 d5 3. e5 Bf5 4. h4 h5 5. Bd3 Bxd3 6. Qxd3 Qa5+ 7. Nc3 Qa6 8. e6 Qxd3 9. exf7+ Kxf7 10. cxd3 Nd7 11.
Nf3 g6 12. O-O Bg7 13. Ng5+ Kf8 14. Ne6+ Kf7 15. Ng5+ Kf8 16. Be3 e5 17. Ne6+ Kf7 18.
Ng5+ Ke7 19. Rae1 Nh6 20. dxe5 Bxe5 21. d4 Bf6 22. Bf4+ Kf8 23. Bd6+ Kg7 24. Be5 Rae8 25.
Bxf6+ Kxf6 26. Re3 Nf5 27. Rf3 Kg7 28. Rf4 Rhf8 29. g3 Nf6 30. Kg2 Nh7 31. Nf3 Nd6 32.
Rxf8 Nxf8 33. Ne5 Re7 34. Re1 Nd7 35. f4 Nf5 36. Ne2 Nf6 37. Kf3 Ne4 38. Rd1 Rc7 39.
Nc3 Kf6 40. Nxe4+ dxe4+ 41. Kxe4 Nxg3+ 42. Kf3 Nf5 43. Rg1 Nxh4+ 44. Ke4 Rg7 45. b4 Nf5 46. a4 Nd6+ 47. Kd3 a6 48. a5 h4 49. Nf3 h3 50. Rh1 Rh7 51. Ng5 Rh4 52. Nxh3 Kf5 53.
Ke3 Nc4+ 54. Kf2 Nd2 55. Kg3 Rh5 56. Re1 Ne4+ 57. Kg2 Rh4 58. Re2 Rg4+ 59. Kf1 Ng3+ 60. Kg2 Nxe2+ 61. Kf3 Rg3+ 62. Kxe2 Rxh3 63. Kf2 Rh4 64. Kg2 Rxf4 65. Kg3 Rxd4 66. Kg2 Rxb4 67. Kf3 g5 68. Ke2 g4 69. Kd3 Kf4 70. Kc3 Ra4 71. Kb3 Rxa5 72. Kb4 Rb5+ 73. Kc4 g3 0-1

[Event "*** SCC Grand Prix: Titled Tuesday Blitz"]
[Site "Chess.com"]
[Date "2020.09.29"]
[Round "3"]
[White "Jabberwockiez"]
[Black "Nikithebest"]
[Result "0-1"]
[WhiteElo "2201"]
[BlackElo "2411"]
[TimeControl "180+1"]
[EndTime "10:29:01 PDT"]
[Termination "Nikithebest won on time"]

1. e4 c5 2. Nc3 a6 3. Nf3 d6 4. d4 cxd4 5. Nxd4 Nf6 6. Be3 e5 7.
Nf3 Be6 8. Ng5 Be7 9. Nxe6 fxe6 10. Bc4 Qc8 11. Bb3 Nc6 12. O-O Na5 13. f4 Nxb3 14. axb3 exf4 15. Bxf4 Qc7 16. Qe2 O-O 17. e5 dxe5 18.
Bxe5 Bd6 19. Bxf6 Bxh2+ 20. Kh1 gxf6 21. Qxe6+ Kh8 22. Nd5 Qe5 23. Rxf6 Rxf6 24. Qxf6+ Qxf6 25. Nxf6 Be5 26. Nd5 Bxb2 27. Re1 Rd8 28. c4 b5 29. Re6 bxc4 30. bxc4 a5 31. Ra6 Rc8 32. Nb6 Rc5 33.
Na4 Rh5+ 34. Kg1 Bd4+ 35. Kf1 Rf5+ 36. Ke2 h5 37. Kd3 Bf2 38. c5 h4 39. c6 Bg3 40. Ra8+ Kh7 41. Ra7+ Kg6 42. c7 Rf8 43. Nb6 Bxc7 44. Rxc7 Rf2 45. Rc8 Kg7 46. Rc7+ Kg6 47.
Nd5 a4 48. Ne3 a3 49. Ra7 a2 50. Ra6+ Kg5 51. Ra5+ Kf4 52. Rf5+ Kg3 53. Nf1+ Kxg2 54.
Ne3+ Kg1 55. Rg5+ Kh1 56. Ra5 h3 57. Ng4 Rg2 58. Ra4 Rxg4 59. Rxa2 h2 60. Ke3 Rg2 61. Ra1+ Rg1 62. Ra2 Rf1 63. Ra8 Rf7 0-1

[Event "*** SCC Grand Prix: Titled Tuesday Blitz"]
[Site "Chess.com"]
[Date "2020.09.29"]
[Round "3"]
[White "maximnovik"]
[Black "AvitalBor"]
[Result "1/2-1/2"]
[WhiteElo "2521"]
[BlackElo "2776"]
[TimeControl "180+1"]
[EndTime "10:29:04 PDT"]
[Termination "Game drawn by repetition"]

1. d4 Nf6 2. Bg5 d5 3. Bxf6 gxf6 4. e3 c5 5. c4 cxd4 6. exd4 Nc6 7. Nf3 Bg4 8. Nc3 dxc4 9. Bxc4 Bxf3 10. Qxf3 Qxd4 11. Bb5 Qe5+ 12. Kf1 Qc5 13. Re1 Bg7 14. g3 a6 15.
Bxc6+ Qxc6 16. Nd5 e6 17. Kg2 Rd8 18. Ne3 Qxf3+ 19.
Kxf3 O-O 20. Rc1 Rc8 21. Rxc8 Rxc8 22. Rd1 f5 23. b3 Rc7 24. Rd8+ Bf8 25. Nc4 Kg7 26.
Rb8 Be7 27. a4 Bb4 28. Ke2 Kf6 29. f4 Bc5 30. Kf3 Ba7 31. Ra8 Bc5 32. Rb8 Bd4 33.
h3 Ke7 34. g4 fxg4+ 35. hxg4 Kf6 36. Ke4 Ba7 37. Ra8 Bc5 38. Rb8 h6 39. Ne5 Ba7 40.
Ra8 b5 41. axb5 axb5 42. Rg8 Bc5 43. g5+ hxg5 44. fxg5+ Ke7 45. g6 fxg6 46. Rxg6 Bd6 47. Rg7+ Kf6 48. Rxc7 Bxc7 49. Nc6 Bd6 50. Nd4 b4 51. Nb5 Ke7 52. Nd4 Kd7 53. Nf3 Bc5 54.
Ne1 Kc6 55. Nd3 Be7 56. Nb2 Bd6 57. Nd3 Kb5 58. Nb2 Kc5 59. Nd3+ Kc6 60. Nb2 Kb5 61. Nd3 Kc6 62. Nb2 Kd7 63. Nd3 Ke7 64. Nb2 Kf6 65.
Nc4 Bc5 66. Nb2 Ke7 67. Nd3 Kd6 68. Nb2 Kc6 69. Nd3 Bd6 1/2-1/2

[Event "*** SCC Grand Prix: Titled Tuesday Blitz"]
[Site "Chess.com"]
[Date "2020.09.29"]
[Round "3"]
[White "TC2304"]
[Black "AleksibFan"]
[Result "1-0"]
[WhiteElo "2317"]
[BlackElo "2594"]
[TimeControl "180+1"]
[EndTime "10:29:06 PDT"]
[Termination "TC2304 won by checkmate"]

1. d4 d5 2. c4 c6 3. Nc3 Nf6 4. e3 a6 5. Qc2 e6 6. b3 Nbd7 7. Bd3 b6 8. Nf3 Bb7 9. O-O dxc4 10.
bxc4 c5 11. Ne4 Qc7 12. Ba3 cxd4 13. Bxf8 Kxf8 14. Nxd4 g6 15. Rfd1 Kg7 16. Rac1 Rhd8 17. Qb2 Rac8 18. g4 Qe5 19. f4 Qb8 20. g5 Bxe4 21.
Bxe4 e5 22. gxf6+ Kg8 23. Ne2 Nxf6 24. Bd5 Ng4 25. Rd3 exf4 26. Nxf4 Qc7 27. h3 Ne5 28.
Rd2 Qe7 29. Rg2 Qf6 30. Rf1 Qe7 31. Qf2 Kf8 32. Qg3 Ke8 33. Qg5 Qxg5 34. Rxg5 f6 35. Rg3 Ke7 36. h4 Rd7 37. h5 Rdc7 38. hxg6 hxg6 39.
Nxg6+ Kd6 40. Nxe5 fxe5 41. Rf6+ Kc5 42. Rf5 Re7 43.
Rgg5 Rce8 44. Kf2 b5 45. Rg4 bxc4 46. Bxc4 Rd8 47. Be2 Rd2 48. Rgg5 Rxa2 49. Rxe5+ Rxe5 50. Rxe5+ Kb4 51. Re4+ Kc3 52. Rc4+ Kb3 53. Rc6 a5 54. Ke1 Ra1+ 55. Kd2 Kb4 56. Rc4+ Kb3 57. Rc3+ Kb4 58. Rc2 Ra3 59. e4 Kb3 60. Rc3+ Kb4 61. Rxa3 Kxa3 62. Kc3 Ka4 63. e5 Ka3 64. e6 Ka4 65. e7 Ka3 66. e8=Q a4 67. Qe7+ Ka2 68. Bc4+ Ka1 69. Qe1# 1-0

[Event "*** SCC Grand Prix: Titled Tuesday Blitz"]
[Site "Chess.com"]
[Date "2020.09.29"]
[Round "3"]
[White "denispopov"]
[Black "djano"]
[Result "1/2-1/2"]
[WhiteElo "1966"]
[BlackElo "2448"]
[TimeControl "180+1"]
[EndTime "10:29:08 PDT"]
[Termination "Game drawn by repetition"]

1. e4 g6 2. d4 Bg7 3. Nc3 a6 4. Be3 b5 5. a3 Bb7 6. Qd2 d6 7. f4 Nd7 8. e5 Nh6 9. Nf3 c5 10. exd6 exd6 11. dxc5 O-O 12. cxd6 Nf5 13. O-O-O Re8 14.
Bf2 Rc8 15. Nd4 Nxd6 16. Ndxb5 Nxb5 17. Nxb5 axb5 18. Qxd7 Qf6 19. Bd4 Qxf4+ 20. Kb1 Bc6 21. Qa7 Red8 22. c3 b4 23. axb4 Ra8 24. Qc5 Rdc8 25. Bd3 Ba4 26. Qd5 Bxd1 27. Bxg7 Rd8 28. Qe4 Qxe4 29. Bxe4 Ra7 30. Bd4 Re7 31. Rxd1 Rxe4 32.
Rd2 f5 33. Kc2 Kf7 34. b5 Ke6 35. b6 Rd7 36. b4 f4 37. Rf2 g5 38. Rf3 Kf5 39.
Rf2 g4 40. b5 h5 41. Kb3 Rexd4 42. cxd4 Ke4 43. b7 Rxb7 44. Kc4 Ke3 45. Rb2 f3 46. gxf3 gxf3 47. d5 f2 48. Rxf2 Kxf2 49. d6 Ke3 50. Kc5 Ke4 51. Kc6 Rb8 52. d7 Ke5 53. Kc7 Rxb5 54. d8=Q Rd5 55. Qe8+ Kd4 56. Qh8+ Ke4 57. Qh7+ Rf5 58. Kd6 Kf4 59. Qh6+ Kg4 60. Qg6+ Rg5 61. Qe4+ Kh3 62. Qe3+ Kh4 63. Ke6 Rg2 64.
Qf4+ Kh3 65. Qf3+ Kxh2 66. Qxh5+ Kg3 67. Qg5+ Kf2 68. Qf5+ Ke2 69. Qe5+ Kf3 70. Qd5+ Kg3 71. Qe5+ Kf3 72. Qf5+ Kg3 73. Qe5+ Kf3 1/2-1/2

[Event "*** SCC Grand Prix: Titled Tuesday Blitz"]
[Site "Chess.com"]
[Date "2020.09.29"]
[Round "3"]
[White "anasta10"]
[Black "XDPS"]
[Result "0-1"]
[WhiteElo "2502"]
[BlackElo "2760"]
[TimeControl "180+1"]
[EndTime "10:29:09 PDT"]
[Termination "XDPS won by resignation"]

1. d4 d5 2. c4 e6 3. Nc3 Nf6 4. cxd5 exd5 5. Bg5 c6 6. Nf3 h6 7. Bh4 Bd6 8. e3 O-O 9. Bd3 Be6 10. Qc2 Nbd7 11.
O-O-O b5 12. Kb1 a5 13. h3 a4 14. g4 Qa5 15. Bxf6 Nxf6 16. Ne5 Rfc8 17. f4 b4 18. Ne2 b3 19. Qd2 bxa2+ 20. Ka1 Bb4 21. Qc2 c5 22. Bf5 cxd4 23. Nc6 Bxf5 24. gxf5 a3 25. b3 Bc3+ 26. Qxc3 Qxc3+ 27. Nxc3 Rxc6 28. Nb5 dxe3 29. Rhe1 Rb6 30. Nd4 Re8 31. Rd3 Re4 32. Rexe3 Rxf4 33. Kxa2 Rb4 34. Nc6 Rbe4 35. Kxa3 Kh7 36. b4 Rc4 37. b5 Rc5 38. Rb3 d4 39. Red3 Rd5 40. b6 Nd7 41. b7 Rd6 42. b8=Q Nxb8 43. Nxb8 Rxf5 44. Rb4 Rfd5 45. Kb3 f5 46. Kc4 f4 47. Rb5 Rxb5 48. Kxb5 f3 49.
Rxf3 d3 50. Rf1 d2 51. Rd1 Rd3 52. Nc6 Rxh3 53. Rxd2 Re3 54. Kc4 h5 55. Nd4 g6 56.
Kd5 Kh6 57. Nc2 Re8 58. Nd4 h4 59. Nf3 Kh5 60. Rh2 g5 61. Nxg5 Kxg5 62. Rg2+ Kf4 63.
Rg7 h3 64. Rf7+ Kg3 65. Rg7+ Kh2 66. Kd4 Re2 67. Kd3 Rg2 68. Rh7 Rg3+ 69. Ke2 Kg2 70.
Rf7 h2 71. Rf2+ Kh3 72. Rf1 Rg1 73. Rf3+ Kg4 0-1

[Event "*** SCC Grand Prix: Titled Tuesday Blitz"]
[Site "Chess.com"]
[Date "2020.09.29"]
[Round "3"]
[White "Belka1989"]
[Black "Meri-Arabidze"]
[Result "1/2-1/2"]
[WhiteElo "2276"]
[BlackElo "2709"]
[TimeControl "180+1"]
[EndTime "10:29:10 PDT"]
[Termination "Game drawn by repetition"]

1. d4 d5 2. Nf3 Nf6 3. Bf4 e6 4.
e3 Bd6 5. Ne5 O-O 6. Nd2 c5 7.
c3 Nc6 8. Bg3 Qc7 9. f4 Ne7 10.
Bd3 Nf5 11. Qf3 Be7 12. O-O b6 13. Bf2 Bb7 14. Ng4 Nd6 15. Nxf6+ Bxf6 16. g4 g6 17. Bg3 Qe7 18. a4 Bg7 19. g5 a6 20. h4 c4 21.
Bc2 b5 22. axb5 axb5 23. h5 Rxa1 24. Rxa1 Ra8 25. Qd1 Nf5 26. Rxa8+ Bxa8 27. Qa1 Qd8 28. Bxf5 exf5 29. hxg6 hxg6 30. Nf3 Bc6 31. Qa7 Be8 32. Kf2 Bf8 33. Ne5 b4 34. Qb7 bxc3 35. bxc3 Qa5 36.
Kf3 Qxc3 37. Qxd5 Qc1 38. Qxc4 Qh1+ 39. Kf2 Qe4 40. d5 Qb1 41. Kf3 Qh1+ 42. Kf2 Qd1 43. Qc8 Qd2+ 44. Kg1 Qxe3+ 45. Bf2 Qxf4 46. Qxe8 Qxg5+ 47.
Kf1 Qc1+ 48. Kg2 Qg5+ 49. Kf1 Qc1+ 50. Ke2 Qc2+ 51. Kf1 Qd1+ 52. Kg2 Qxd5+ 53. Kg1 Qe6 54. Qxe6 fxe6 55. Nxg6 Kf7 56. Nh4 Be7 57. Nf3 Bf6 58. Bd4 Bxd4+ 59. Nxd4 Kf6 60. Nf3 e5 61. Kf2 e4 62.
Nd2 Ke5 63. Ke3 f4+ 64. Ke2 Kd4 65. Nf1 e3 66. Nh2 Ke4 67. Nf3 Kf5 68. Ne1 Ke4 69.
Nf3 Kf5 70. Ne1 Ke4 71. Nf3 1/2-1/2

[Event "*** SCC Grand Prix: Titled Tuesday Blitz"]
[Site "Chess.com"]
[Date "2020.09.29"]
[Round "3"]
[White "sofaceindisguise"]
[Black "GHANDEEVAM2003"]
[Result "1/2-1/2"]
[WhiteElo "2716"]
[BlackElo "3017"]
[TimeControl "180+1"]
[EndTime "10:29:12 PDT"]
[Termination "Game drawn - insufficient material"]

1. d4 g6 2. Nf3 Bg7 3. g3 Nf6 4. Bg2 O-O 5. O-O d6 6. c4 c6 7. Nc3 Qa5 8. e4 Qh5 9. Ng5 Qxd1 10.
Rxd1 e5 11. d5 Rd8 12. h3 h6 13. Nf3 cxd5 14. Nxd5 Nxd5 15. cxd5 f5 16. Be3 Nd7 17. Rac1 Nf6 18. Nd2 Nh5 19. Nc4 f4 20. gxf4 Nxf4 21.
Kh2 b6 22. a4 Ba6 23. Bf1 Rd7 24.
Na3 Bxf1 25. Rxf1 Ne2 26. Rc4 Nd4 27. Rfc1 Rad8 28. Kg2 Kf7 29. Nb5 Nb3 30. R1c3 Nc5 31. Bxc5 dxc5 32. Rf3+ Ke8 33. Rg3 Kf7 34. Rcc3 Bf6 35.
Rgf3 Kg7 36. Na3 Re8 37. Nc4 Bd8 38. Rb3 Bc7 39. a5 Rb8 40. Rb5 a6 41. Rxb6 Bxb6 42. axb6 Rdb7 43. Rb3 Kf6 44. Kf3 h5 45. Kg3 g5 46.
Rf3+ Kg7 47. Rb3 Kf6 48. f3 Rg7 49. Kf2 g4 50. hxg4 hxg4 51. fxg4 Rxg4 52. Kf3 Rh4 53. Ne3 Rh3+ 54. Ke2 Kg5 55. b7 c4 56. Rb6 Kf4 57. Nxc4 Kxe4 58. d6 Rh2+ 59. Kd1 Rg8 60. Nd2+ Kd3 61.
Rb3+ Kd4 62. b8=Q Rxb8 63. Rxb8 Rh7 64. Rc8 Rd7 65. Rc6 a5 66. Ke2 Kd5 67. Ra6 Rxd6 68. Rxd6+ Kxd6 69. Kd3 Kc5 70. Ne4+ Kb4 71. Kc2 a4 72.
Nd6 a3 73. b3 a2 74. Kb2 a1=Q+ 75. Kxa1 Kxb3 76. Kb1 Kc3 77. Kc1 Kd3 78. Kd1 e4 79. Nxe4 1/2-1/2